 Dungeon Crawl Stone Soup version 0.19-a0-1254-gb9c29c0 (webtiles) character file.

42242 George the Fencer (level 13, -12/128 HPs)
             Began as a Minotaur Fighter on Aug 27, 2016.
             Was the Champion of Okawaru.
             Mangled by Rupert
             ... wielding a +2 battleaxe of flaming
              (23 damage)
             ... on level 5 of the Lair of Beasts.
             The game lasted 00:36:43 (15923 turns).

George the Fencer (Minotaur Fighter)               Turns: 15923, Time: 00:36:43

Health: -12/128    AC: 31    Str: 23    XL:     13   Next: 84%
Magic:  18/18      EV: 12    Int:  5    God:    Okawaru [******]
Gold:   870        SH:  0    Dex: 16    Spells: 0 memorised, 12 levels left

rFire  + . .     SeeInvis +     P - +2 scimitar (flame)
rCold  + . .     Gourm    .     z - +5 gold dragon armour of Midnight {+Fly rPois rF+ rC+ Dex+3}
rNeg   . . .     Faith    .     c - +1 shield
rPois  +         Spirit   .     S - +2 hat
rElec  +         Dismiss  .     O - +0 cloak "Ovver" {-Tele rElec rCorr}
rCorr  +         Reflect  +     k - +0 pair of gloves
MR     .....     Harm     .     (no boots)
Stlth  .......... NoTele   +    a - +5 amulet of reflection
                                x - ring of see invisible
                                l - +4 ring of evasion

@: confused, heroism, finesse, studying Fighting
A: retaliatory headbutt, horns 2
a: Heroism, Finesse, Renounce Religion, Evoke Flight


You were on level 5 of the Lair of Beasts.
You worshipped Okawaru.
Okawaru was exalted by your worship.
You were not hungry.

You visited 3 branches of the dungeon, and saw 18 of its levels.
You also visited: Labyrinth.

You collected 1094 gold pieces.
You spent 224 gold pieces at shops.

Inventory:

Hand Weapons
 F - a +2 scimitar of holy wrath
 P - a +2 scimitar of flaming (weapon)
Armour
 c - a +1 shield (worn)
 k - a +0 pair of gloves (worn)
 z - the +5 gold dragon armour of Midnight (worn) {+Fly rPois rF+ rC+ Dex+3}
   (You took it off a minotaur in a labyrinth)

   It affects your dexterity (+3).
   It protects you from fire.
   It protects you from cold.
   It protects you from poison.
   It lets you fly.
 O - the +0 cloak "Ovver" (worn) {-Tele rElec rCorr}
   (Okawaru gifted it to you on level 11 of the Dungeon)

   It insulates you from electricity.
   It prevents most forms of teleportation.
   It protects you from acid and corrosion.
 S - a +2 hat (worn)
Jewellery
 a - a +5 amulet of reflection (around neck)
 l - a +4 ring of evasion (left hand)
 m - an uncursed amulet of regeneration {unknown}
 x - a ring of see invisible (right hand)
 T - an uncursed ring of ice
Wands
 b - a wand of acid (15/15)
 o - a wand of iceblast (6/15)
 I - a wand of paralysis (10/24)
 J - a wand of lightning (4/15)
 L - a wand of lightning (5/15)
 U - a wand of digging (18/24)
 V - a wand of iceblast (12/15)
 W - a wand of iceblast (4/15)
 X - a wand of confusion (22/48)
 Y - a wand of lightning (10/15)
 Z - a wand of teleportation (1/9)
Scrolls
 i - 10 scrolls of teleportation
 n - 5 scrolls of enchant weapon
 t - a scroll of fog
 y - a scroll of blinking
 B - 3 scrolls of enchant armour
 D - 3 scrolls of fear
 E - a scroll of remove curse
 G - a scroll of recharging
 H - 3 scrolls of magic mapping
 N - 2 scrolls of immolation
 R - a scroll of summoning
Potions
 d - 6 potions of might
 e - 10 potions of curing
 h - 4 potions of haste
 j - a potion of invisibility
 r - 5 potions of flight
 v - 2 potions of berserk rage
 w - a potion of ambrosia
 C - 2 potions of agility
Books
 K - a manual of Fighting
Miscellaneous
 Q - a disc of storms
Comestibles
 f - 13 bread rations
 g - 4 beef jerkies
 p - 6 meat rations
 q - 11 fruits
 s - 5 chunks of flesh
 u - 2 slices of pizza
 A - 9 royal jellies


   Skills:
 + Level 16.0(21.0) Fighting
 - Level 16.0(21.0) Long Blades
 - Level 12.1(17.1) Armour
 - Level 11.9(16.9) Shields
 - Level 8.3 Invocations


You had 12 spell levels left.
You didn't know any spells.

Dungeon Overview and Level Annotations

Branches:
Dungeon (12/15)            Temple (1/1) D:6            Lair (5/6) D:9
  Swamp (0/4) Lair:3        Snake (0/4) Lair:2          Orc (0/2) D:10
  Slime: Lair:5-6

Altars:
Ashenzari
Cheibriados
Dithmenos
Elyvilon
Fedhas
Gozag
Hepliaklqana
Kikubaaqudgha
Makhleb
Nemelex Xobeh
Okawaru
Qazlal
Ru
Sif Muna
Trog
Uskayaw
Vehumet
Xom
Yredelemnul
Zin
The Shining One

Shops:
D:6 :   D:10 *   D:12 (

Annotations:
Lair:5 Rupert


Innate Abilities, Weirdness & Mutations

You reflexively headbutt those who attack you in melee.
You have a pair of horns on your head.


Message History

You block Rupert's attack. You block the dream sheep's attack.
The dream sheep misses you. You furiously retaliate!
You headbutt the dream sheep, but do no damage.
You riposte.
You slash the dream sheep! You burn the dream sheep.
You headbutt the dream sheep.
You kill the dream sheep!
Okawaru accepts your kill.
You can now deal lightning-fast blows.
Rupert hits you with a battleaxe of flaming!!
* * * LOW HITPOINT WARNING * * *
Rupert burns you.
* * * LOW HITPOINT WARNING * * *
You block the dream sheep's attack.
Okay, then.
You are confused.
You feel invigorated. Rupert hits you but does no damage.
The dream sheep bites you but does no damage.
Rupert hits you but does no damage.
Rupert hits you with a battleaxe of flaming!!
You die...

..#.....#..........
...8.>......8......
........@..........
.##.8..#.####..#.
..##%.###.....##
........##...##..
......%..#......#
.......Y#@....#.#
.P.......@....# ..
.......†#.#.8...#.(
PP....!.#.....#.#
P......#.#.....#
P......##......#
P...... .+#.##.
P...... .. .#
P...... .. #


You could see Rupert (berserk) and a dream sheep.

Vanquished Creatures
  A minotaur (Lab)
  3 hydras
  Fannar (Lair:1)
  A catoblepas (Lair:5)
  Erica (D:11)
  3 death yaks (Lair:4)
  Sonja (Lair:2)
  Nergalle (D:12)
  4 slime creatures (D:12)
  An unseen horror (D:10)
  3 hill giants
  2 ugly things
  2 cyclopes (D:12)
  4 black mambas
  A torpor snail (Lair:5)
  10 spiny frogs
  2 rime drakes
  4 komodo dragons
  A queen bee (Lair:2)
  A troll (D:10)
  2 polar bears
  2 two-headed ogres
  21 blink frogs
  A boulder beetle (Lair:4)
  A dream sheep (Lair:5)
  2 wyverns
  A spriggan (D:8)
  3 wraiths
  Sigmund (D:2)
  17 yaks
  2 shadows
  A vampire (D:11)
  3 hungry ghosts
  4 basilisks
  4 hippogriffs
  18 water moccasins
  13 porcupines
  3 orc warriors
  6 sky beasts
  A black bear (D:9)
  6 ice beasts
  4 phantoms
  A necrophage (D:9)
  5 ogres
  An eye of draining (D:9)
  8 centaurs
  9 crocodiles
  7 giant frogs
  A troll zombie (D:10)
  5 scorpions
  A water moccasin skeleton (D:9)
  27 killer bees
  6 howler monkeys
  21 wights
  5 electric eels
  A spectral giant frog (D:9)
  8 crimson imps
  A centaur zombie (D:10)
  A giant frog zombie (D:6)
  A jelly (D:11)
  7 orc priests
  A giant frog skeleton (D:6)
  4 centaur skeletons
  3 hounds
  20 iguanas
  14 worker ants
  Ijyb (D:2)
  14 orc wizards
  5 ogre zombies (D:10)
  A hound zombie (D:8)
  5 hound skeletons
  2 worker ant zombies
  15 adders
  7 gnolls
  38 river rats
  3 shadow imps
  3 worms
  An adder skeleton (D:5)
  A dart slug (D:2)
  4 giant geckos
  51 orcs
  5 bats
  5 giant cockroaches
  9 goblins
  7 hobgoblins
  11 jackals
  3 quokkas
  2 ball pythons
  A giant cockroach zombie (D:6)
  A giant gecko skeleton (D:5)
  3 giant newts
  3 goblin zombies (D:10)
  A hobgoblin skeleton (D:10)
  4 hobgoblin zombies (D:10)
  A jackal zombie (D:7)
  10 kobolds
  3 orc skeletons (D:10)
  8 orc zombies (D:10)
  5 rats (D:1)
554 creatures vanquished.

Vanquished Creatures (others)
  An ice beast (D:12)
  4 plants (D:11)
5 creatures vanquished.

Grand Total: 559 creatures vanquished

Notes
Turn   | Place    | Note
-------+----------+-------------------------------------------
     0 | D:1      | George the Minotaur Fighter began the quest for the Orb.
     0 | D:1      | Reached XP level 1. HP: 19/19 MP: 0/0
   102 | D:1      | Reached XP level 2. HP: 24/27 MP: 1/1
   457 | D:1      | Reached XP level 3. HP: 29/33 MP: 2/2
   700 | D:2      | Noticed Ijyb
   705 | D:2      | Killed Ijyb
   705 | D:2      | Reached XP level 4. HP: 37/40 MP: 3/3
   821 | D:2      | Noticed Sigmund
   831 | D:2      | Killed Sigmund
   831 | D:2      | Reached skill level 5 in Long Blades
   831 | D:2      | Reached XP level 5. HP: 30/47 MP: 4/4
  1164 | D:2      | Reached XP level 6. HP: 53/53 MP: 5/5
  1570 | D:3      | Reached skill level 5 in Armour
  1587 | D:3      | Found a radiant altar of Vehumet.
  1904 | D:4      | Reached skill level 5 in Fighting
  1915 | D:4      | Reached skill level 5 in Shields
  2764 | D:4      | Reached XP level 7. HP: 54/61 MP: 6/6
  2832 | D:5      | Entered Level 5 of the Dungeon
  3382 | D:5      | Reached XP level 8. HP: 70/70 MP: 7/7
  3508 | D:5      | Got a brightly glowing short sword
  3880 | D:6      | Found a staircase to the Ecumenical Temple.
  3886 | Temple   | Entered the Ecumenical Temple
  3895 | Temple   | Became a worshipper of Warmaster Okawaru
  4219 | D:6      | Found Sarghen's Book Shoppe.
  4275 | D:5      | Reached skill level 1 in Invocations
  4545 | D:6      | Reached * piety under Okawaru
  4878 | D:6      | Reached XP level 9. HP: 74/79 MP: 9/9
  5312 | D:7      | Reached ** piety under Okawaru
  5316 | D:7      | Reached skill level 10 in Long Blades
  6082 | D:8      | Reached *** piety under Okawaru
  6278 | D:8      | Reached XP level 10. HP: 89/89 MP: 11/11
  6748 | D:9      | Reached **** piety under Okawaru
  6878 | D:9      | Noticed a hill giant
  6884 | D:9      | Killed a hill giant
  6994 | D:9      | Found a staircase to the Lair.
  7005 | D:9      | Reached ***** piety under Okawaru
  7477 | D:9      | Found a blossoming altar of Fedhas.
  7478 | D:9      | Found a hide-covered altar of Uskayaw.
  7534 | D:10     | Entered Level 10 of the Dungeon
  7534 | D:10     | Found Huabaobe's Assorted Antiques.
  7641 | D:10     | Reached skill level 5 in Invocations
  7665 | D:10     | Found a staircase to the Orcish Mines.
  7860 | D:10     | Reached XP level 11. HP: 97/97 MP: 13/13
  8019 | D:10     | Noticed a hill giant
  8023 | D:10     | Killed a hill giant
  8150 | D:10     | Noticed an unseen horror
  8165 | D:10     | Killed an unseen horror
  8309 | D:10     | Bought a scroll labeled AWEW FEZICS for 32 gold pieces
  8309 | D:10     | Bought 3 scrolls labeled JUS ROFIYNIACU for 96 gold pieces
  8309 | D:10     | Bought a potion of curing for 96 gold pieces
  8316 | D:11     | Noticed Erica
  8333 | D:11     | Killed Erica
  8333 | D:11     | Received a gift from Okawaru
  8334 | D:11     | Got a brightly glowing cloak {god gift}
  8345 | D:11     | Identified the +0 cloak "Ovver" {-Tele rElec rCorr} (Okawaru gifted it to you on level 11 of the Dungeon)
  8420 | D:11     | Reached skill level 10 in Armour
  8689 | D:11     | Reached skill level 10 in Fighting
  8711 | D:11     | Noticed a red ugly thing
  8721 | D:11     | Killed a red ugly thing
  8744 | D:11     | Reached skill level 10 in Shields
  9620 | D:12     | Noticed a white ugly thing
  9623 | D:12     | Reached ****** piety under Okawaru
  9634 | D:12     | Killed a white ugly thing
  9641 | D:12     | Noticed a hill giant
  9651 | D:12     | Killed a hill giant
  9651 | D:12     | Reached XP level 12. HP: 26/107 MP: 8/15
 10141 | D:12     | Found Lirghuoto's Weapon Shop.
 10162 | D:12     | Received a gift from Okawaru
 10208 | D:12     | Noticed Nergalle
 10219 | D:12     | Killed Nergalle
 10376 | Lair:1   | Entered Level 1 of the Lair of Beasts
 10398 | Lair:1   | Noticed a six-headed hydra
 10422 | Lair:1   | Killed a one-headed hydra
 10428 | Lair:1   | Noticed an eight-headed hydra
 10435 | Lair:1   | Killed a three-headed hydra
 10890 | Lair:1   | Noticed Fannar
 10918 | Lair:1   | Killed Fannar
 11407 | Lair:2   | Reached skill level 15 in Long Blades
 11856 | Lair:2   | Found a staircase to the Snake Pit.
 11863 | Lair:2   | Received a gift from Okawaru
 11961 | Lair:2   | Reached XP level 13. HP: 67/116 MP: 17/17
 12207 | Lair:2   | Noticed Sonja
 12212 | Lair:2   | Killed Sonja
 13226 | Lair:3   | Found a staircase to the Swamp.
 13428 | Lair:4   | Found a labyrinth entrance.
 13454 | Lab      | Entered a labyrinth
 13979 | Lab      | Noticed a minotaur
 14137 | Lab      | Killed a minotaur
 14159 | Lab      | Got a steaming gold dragon armour
 14165 | Lab      | Identified the +5 gold dragon armour of Midnight {+Fly rPois rF+ rC+ Dex+3} (You took it off a minotaur in a labyrinth)
 15322 | Lair:4   | Received a gift from Okawaru
 15528 | Lair:5   | Received a gift from Okawaru
 15704 | Lair:5   | Reached skill level 15 in Fighting
 15900 | Lair:5   | Noticed Rupert
 15921 | Lair:5   | HP: 4/128 [Rupert/battleaxe of flaming (5)]
 15923 | Lair:5   | Mangled by Rupert

Vault maps used:
D:1:      co_arrival_square_in_a_square_in_a_square, minmay_misc_feat_five,
          hangedman_feature_mirror
D:2:      uniq_sigmund, uniq_iyjb
D:3:      fiery_altar_vehumet, first_bread
D:5:      kennysheep_small_square
D:6:      serial_shops, shop
D:8:      the_bakery
D:9:      gammafunk_temple_overflow_pools, minmay_lair_entry_grove,
          hangedman_weighted_door
D:10:     zombieorc1_lemuel, serial_shops, nicolae_shop_overgrown_old_shop
D:11:     kennysheep_boxes, uniq_erica
D:12:     serial_shops, shop, lemuel_flamethrower_3, uniq_nergalle
Temple:   regret_index_temple_mists
Lair:1:   grunt_megastairs_3, infiniplex_staircase_pool, uniq_fannar
Lair:2:   minmay_snake_entry_six_corridors, special_room, serial_bayou_pond_c,
          uniq_sonja
Lair:3:   swamp_mist_pool
Lair:4:   lab_entry_generic, lemuel_fruit_tree, serial_bayou_shore_a
Lair:5:   pond_and_an_island_with_a_cottage, minmay_hedge_maze,
          grunt_megastairs_1, uniq_rupert
Lab:      labyrinth_watery, nicolae_lab_grate, lab_block,
          nicolae_lab_flowing_pool, lab_fountain, nicolae_lab_plus,
          labyrinth_glass_2, nicolae_lab_big_swirl, nicolae_lab_blocks,
          lab_hedge

Skill      XL: |  1  2  3  4  5  6  7  8  9 10 11 12 13 |
---------------+----------------------------------------+-----
Long Blades    | 3 5 6 7 9 10 12 13 15 16 | 16.0
Fighting       | 4 5 6 7 8 9 10 11 16 | 16.0
Armour         | 4 5 6 7 8 9 10 11 12 | 12.1
Shields        | 4 5 6 7 9 10 11 | 11.9
Invocations    | 2 3 5 6 7 8 |  8.3

Action                   |  1- 3 |  4- 6 |  7- 9 | 10-12 | 13-15 || total
-------------------------+-------+-------+-------+-------+-------++-------
Melee: Long sword        |    90 |   162 |   249 |       |       ||   501
       Headbutt          |    12 |    26 |    84 |   195 |   104 ||   421
       Scimitar          |       |       |   155 |   920 |   416 ||  1491
Invok: Heroism           |       |       |       |     2 |     3 ||     5
       Finesse           |       |       |       |     2 |     2 ||     4
Evoke: Wand              |       |       |       |       |     7 ||     7
  Use: Scroll            |       |     5 |    15 |     7 |     5 ||    32
       Potion            |       |       |       |       |     1 ||     1
 Stab: Petrified         |       |       |       |       |     1 ||     1
  Eat: Chunk             |       |     6 |    12 |    20 |    14 ||    52
Armor: Scale mail        |    47 |    71 |       |       |       ||   118
       Plate armour      |       |     1 |   125 |   119 |       ||   245
       Chain mail        |       |       |       |    95 |    18 ||   113
       Gold dragon armou |       |       |       |       |    75 ||    75
Dodge: Dodged            |    22 |    38 |    91 |   213 |    62 ||   426
Block: Shield            |    50 |    72 |   205 |   657 |   253 ||  1237
       Reflection        |       |       |     3 |    12 |     3 ||    18
